 Dungeon Crawl Stone Soup version 0.20.0-8-g6b59dc7 (webtiles) character file.

117 vatarom the Poker (level 5, -2/41 HPs)
             Began as a Formicid Abyssal Knight on June 1, 2017.
             Was a Believer of Lugonu.
             Slain by a gnoll
             ... wielding a +0 spear
              (6 damage)
             ... on level 3 of the Dungeon.
             The game lasted 00:04:07 (1852 turns).

vatarom the Poker (Formicid Abyssal Knight)         Turns: 1852, Time: 00:04:08

Health: -2/41      AC:  3    Str: 17    XL:     5   Next: 22%
Magic:  6/6        EV: 11    Int: 13    God:    Lugonu [**....]
Gold:   107        SH:  0    Dex: 11    Spells: 4/4 levels left

rFire    . . .     SeeInvis +   j - +0 trident
rCold    . . .     Gourm    .   (no shield)
rNeg     . . .     Faith    .   b - +1 leather armour
rPois    .         Spirit   .   (helmet unavailable)
rElec    .         Reflect  .   (no cloak)
rCorr    .         Harm     .   (no gloves)
MR       .....                  (no boots)
Stlth    +.........             (no amulet)
Regen    0.2/turn               (no ring)
MPRegen  0.1/turn               (no ring)

@: no status effects
A: permanent stasis, dig shafts and tunnels, four strong arms, antennae 3,
clever 1, deformed body, low mp 1, shaggy fur 1
a: Dig, Shaft Self, Depart the Abyss, Bend Space, Renounce Religion


You were on level 3 of the Dungeon.
You worshipped Lugonu.
Lugonu was pleased with you.
You were not hungry.

You visited 1 branch of the dungeon, and saw 3 of its levels.
You visited the Abyss 1 time.

You collected 107 gold pieces.

Inventory:

Hand Weapons
 j - a +0 trident (weapon)
Armour
 b - a +1 leather armour (worn)
Scrolls
 e - 2 scrolls of remove curse
 i - a scroll of identify
Potions
 g - a potion of berserk rage {unknown}
Comestibles
 c - a bread ration
 d - 2 meat rations
 h - a royal jelly


   Skills:
 - Level 3.2 Fighting
 * Level 4.4 Polearms
 - Level 2.1 Armour
 - Level 0.8 Dodging
 + Level 3.4 Invocations


You had 4 spell levels left.
You didn't know any spells.

Dungeon Overview and Level Annotations

Branches:
Dungeon (3/15)

Altars:
Gozag


Innate Abilities, Weirdness & Mutations

You cannot be hasted, slowed, berserked, paralysed or teleported.
You can dig through walls and to a lower floor.
Your four strong arms can wield two-handed weapons with a shield.
You have a pair of large antennae on your head. (SInv)
Your mind is acute. (Int +2)
Armour fits poorly on your strangely shaped body.
Your magical capacity is low. (-10% MP)
You are covered in fur. (AC +1)


Message History

You closely miss the gnoll. The gnoll hits you with a flail.
The gnoll hits you from afar with a spear.
You are too injured to fight recklessly!
Attack whom?
Press: ? - help, Dir - move target cursor, f - gnoll
Aim: a gnoll, wielding a spear You reach to attack!
You puncture the gnoll!
The gnoll is heavily wounded.
The gnoll hits you with a flail.
* * * LOW HITPOINT WARNING * * *
The gnoll hits you but does no damage.
Attack whom?
Press: ? - help, Dir - move target cursor, f/p - gnoll
Aim: a gnoll, wielding a spear (heavily wounded)
You reach to attack!
You barely miss the gnoll.
The gnoll is heavily wounded.
The gnoll hits you with a flail!
* * * LOW HITPOINT WARNING * * *
The gnoll hits you from afar with a spear.
You die...

##### ##########...#
...#.....#...#
.............#
.............#
.............#
.............#####
..............gg@#
..........[..#####
.............#
......)......#######
.........##.##.....#..
..#.####.##.#)........
..#.# ..##...........
..#.# #.###...........
.##.# #.###...........


You could see 2 gnolls.

Vanquished Creatures
  An orc wizard (D:3)
  A gnoll (D:3)
  2 adders (D:2)
  2 oozes
  2 worms (D:3)
  A dart slug (D:1)
  A leopard gecko (D:1)
  2 orcs (D:3)
  12 bats
  2 giant cockroaches
  4 goblins
  3 hobgoblins
  2 frilled lizards
  6 kobolds
  4 rats
45 creatures vanquished.

Notes
Turn   | Place    | Note
-------+----------+-------------------------------------------
     0 | Abyss:1  | vatarom the Formicid Abyssal Knight began the quest for the Orb.
     0 | Abyss:1  | Reached XP level 1. HP: 18/18 MP: 2/2
    32 | Abyss:1  | Found a corrupted altar of Lugonu.
    48 | Abyss:1  | Noticed an efreet
    48 | D:1      | Escaped the Abyss
   371 | D:1      | Reached XP level 2. HP: 24/24 MP: 3/3
   456 | D:1      | Reached * piety under Lugonu
   816 | D:2      | Reached skill level 3 in Polearms
   816 | D:2      | Reached XP level 3. HP: 29/29 MP: 4/4
   972 | D:2      | Found an opulent altar of Gozag.
  1226 | D:2      | Reached XP level 4. HP: 29/35 MP: 4/6
  1296 | D:2      | Gained mutation: Armour fits poorly on your strangely shaped body. [potion of mutation]
  1296 | D:2      | Gained mutation: You are covered in fur. (AC +1) [potion of mutation]
  1296 | D:2      | Gained mutation: Your magical capacity is low. (-10% MP) [potion of mutation]
  1296 | D:2      | Gained mutation: Your mind is acute. (Int +2) [potion of mutation]
  1569 | D:3      | Reached skill level 4 in Polearms
  1654 | D:3      | Reached XP level 5. HP: 20/41 MP: 6/6
  1840 | D:3      | Reached ** piety under Lugonu
  1852 | D:3      | Slain by a gnoll

Skill      XL: |  1  2  3  4 |
---------------+-------------+-----
Polearms       | 3 4 |  4.4
Invocations    | 3 |  3.4
Fighting       | |  3.2
Armour         | |  2.1
Dodging        | |  0.8

Action                   |  1- 3 |  4- 6 || total
-------------------------+-------+-------++-------
Melee: Spear             |   100 |    49 ||   149
       Trident           |       |    15 ||    15
Invok: Depart the Abyss  |     1 |       ||     1
 Abil: Dig               |       |     1 ||     1
  Use: Scroll            |     6 |       ||     6
       Potion            |       |     4 ||     4
  Eat: Bread ration      |     1 |       ||     1
Armor: Leather armour    |    25 |    12 ||    37
Dodge: Dodged            |    55 |    27 ||    82
